 Dungeon Crawl Stone Soup version 0.29.0-13-gc9e81de378 (webtiles) character file.

Game seed: 11461628127252029436

324 cdecastro the Firebug (level 7, -4/57 HPs)
             Began as a Meteoran Cinder Acolyte on Sept 8, 2022.
             Was a High Priest of Ignis.
             Slain by Duvessa
             ... wielding a +0 short sword
              (11 damage)
             ... on level 5 of the Dungeon.
             The game lasted 00:11:41 (2737 turns).

cdecastro the Firebug (Meteoran Cinder Acolyte)     Turns: 2737, Time: 00:11:41

Health: -4/57      AC: 12    Str: 16    XL:     7   Next: 6%
Magic:  8/10       EV: 10    Int: 18    God:    Ignis [*****.]
Gold:   75         SH:  0    Dex:  9    Spells: 6/8 levels left

rFire   + . .      SeeInvis .   A - +3 hand axe
rCold   . . .      Faith    .   (no shield)
rNeg    . . .      Spirit   .   d - +0 ring mail
rPois   .          Reflect  .   (no helmet)
rElec   .          Harm     .   (no cloak)
rCorr   .          Rampage  .   (no gloves)
Will    .....                   (no boots)
Stlth   ..........              m - amulet of magic regeneration
HPRegen 0.19/turn               (no ring)
MPRegen 0.52/turn               (no ring)

@: fiery-armoured, glowing
A: sense surroundings 1, otherworldly, glowing, explore regen
a: Renounce Religion, Fiery Armour, Foxfire Swarm, Rising Flame


You were on level 5 of the Dungeon.
You worshipped Ignis.
Ignis was extremely pleased with you.
You visited 1 branch of the dungeon, and saw 5 of its levels.

You collected 166 gold pieces.
You spent 91 gold pieces at shops.

Inventory:

Hand Weapons
 a - a -1 hand axe of flaming
 A - a +3 hand axe (weapon)
Armour
 b - a +0 robe
 d - a +0 ring mail (worn)
 j - a +0 scale mail
 w - a +1 leather armour of positive energy
Magical Staves
 s - a staff of death
Jewellery
 m - an amulet of magic regeneration (around neck)
 n - an amulet of faith
Wands
 y - a wand of charming (5)
Scrolls
 g - 2 scrolls of fear {unknown}
 h - a scroll of poison {unknown}
 l - 2 scrolls of magic mapping {unknown}
 o - a scroll of enchant weapon {unknown}
 p - 3 scrolls of noise {unknown}
 q - a scroll of butterflies {unknown}
 u - 2 scrolls of identify {unknown}
 v - a scroll of blinking {unknown}
 x - a scroll of amnesia {unknown}
Potions
 c - a potion of attraction {unknown}
 e - 3 potions of haste {unknown}
 f - 4 potions of curing
 i - 2 potions of invisibility {unknown}
 k - a potion of heal wounds {unknown}
 r - a potion of ambrosia {unknown}
 t - a potion of might {unknown}
 z - a potion of flight {unknown}


   Skills:
 - Level 3.2 Fighting
 - Level 5.8 Axes
 - Level 1.3 Spellcasting
 + Level 7.1 Fire Magic


You had 6 spell levels left.
You knew the following spells:

 Your Spells              Type           Power      Damage    Failure   Level
a - Scorch                Fire           52%        2d7       3%          2

Your spell library contained the following spells:

 Spells                   Type           Power      Damage    Failure   Level
 Beastly Appendage        Tmut           2%         N/A       36%         1
 Freeze                   Ice            4%         1d3       36%         1
 Wereblood                Tmut           1%         N/A       50%         2
 Frozen Ramparts          Ice            2%         1d1       73%         3
 Spider Form              Tmut/Pois      1%         N/A       73%         3
 Hailstorm                Conj/Ice       1%         3d3       98%         4


Dungeon Overview and Level Annotations

Branches:
Dungeon (5/15) Zot: 453
 Temple: D:4-7

Altars:
Kikubaaqudgha
Vehumet

Shops:
D:3 =!*[(

Annotations:
D:2 1 runed translucent door, Crazy Yiuf
D:5 Duvessa


Innate Abilities, Weirdness & Mutations

You passively map a small area around you.
You are easily found by Zot.
You glow in the dark.
You regain HP and MP as you explore.


Message History

You barely miss Dowan. Duvessa hits you but does no damage.
Dowan says, "Magic and the sword, together, will defeat you."
Dowan barely misses you.
You barely miss Duvessa.
Duvessa is severely wounded.
You hit Dowan.
You kill Dowan!
Duvessa weeps, and shakes her weapon.
Duvessa goes berserk!
Duvessa hits you but does no damage. Duvessa hits you with a +0 short sword!
* * * LOW HITPOINT WARNING * * *
Your Fire Magic skill increases to level 7!
You have reached level 7!
You hit Duvessa but do no damage.
Duvessa is severely wounded.
Duvessa closely misses you.
You hit Duvessa but do no damage.
Duvessa is severely wounded.
Duvessa hits you with a +0 short sword.
* * * LOW HITPOINT WARNING * * *
Duvessa barely misses you.
Okay, then.
A protective cloak of flame settles atop you.
Duvessa barely misses you.
You barely miss Duvessa.
Duvessa is severely wounded.
Duvessa is no longer more vulnerable to fire.
Duvessa hits you but does no damage.
Duvessa is burned by your cloak of flames.
Duvessa is severely wounded.
Duvessa closely misses you.
You hit Duvessa.
Duvessa is almost dead.
Duvessa hits you with a +0 short sword.
* * * LOW HITPOINT WARNING * * *
Unknown command.
You hit Duvessa but do no damage.
Duvessa is severely wounded.
Duvessa hits you with a +0 short sword!
You die...

#...# , ... * #..###
#...### , ....* #.#.#.
#.....# ,, ..#*#.....
#####.# .....#.#.o #.#
, ..#.###..# #.#*
##.#.### #.# , #.e...
####.####* ** #.####
#...)@e.# #o#
#.##.##.# #o#
#.##.##.# #.#
#.##....# #####.#
#.#####e#####..e..####
#†#####....e..###.....
#.......####### #.####
######### #.####
#.##..


You could see Duvessa (berserk).

Vanquished Creatures
  Dowan (D:5)
  A hound (D:5)
  2 orc priests
  2 iguanas (D:5)
  An orc wizard (D:4)
  2 adders (D:2)
  11 orcs
  2 endoplasms
  5 giant cockroaches
  8 goblins
  10 hobgoblins
  3 jackals (D:1)
  3 quokkas
  6 ball pythons
  10 bats
  4 frilled lizards
  4 kobolds
  6 rats
81 creatures vanquished.

Notes
Turn   | Place    | Note
-------+----------+-------------------------------------------
     0 | D:1      | cdecastro the Meteoran Cinder Acolyte began the quest for
                  | the Orb.
     0 | D:1      | Reached XP level 1. HP: 19/19 MP: 3/3
   200 | D:1      | Reached XP level 2. HP: 26/26 MP: 5/5
   203 | D:1      | Learned a level 2 spell: Scorch
   485 | D:1      | Reached XP level 3. HP: 31/31 MP: 6/6
   496 | D:1      | Glimpsed the power of Zot.
   545 | D:1      | Glimpsed the power of Zot.
   585 | D:1      | Glimpsed the power of Zot.
   595 | D:1      | Touched by the power of Zot.
   695 | D:1      | Glimpsed the power of Zot.
   795 | D:2      | Reached skill level 5 in Axes
   871 | D:2      | Found a runed translucent door.
   872 | D:2      | Noticed Crazy Yiuf
   988 | D:2      | Reached XP level 4. HP: 30/31 MP: 7/7
  1231 | D:2      | Found a faded altar of an unknown god.
  1293 | D:2      | Glimpsed the power of Zot.
  1343 | D:2      | Glimpsed the power of Zot.
  1393 | D:3      | Found Baerhu Norch's Weapon Emporium.
  1421 | D:3      | Reached skill level 4 in Fire Magic
  1489 | D:3      | Found Puwac's Jewellery Shoppe.
  1546 | D:3      | Found Irhymm's Assorted Antiques.
  1588 | D:3      | Found Yfauxten's Distillery.
  1592 | D:3      | Reached XP level 5. HP: 43/43 MP: 5/8
  1598 | D:3      | Bought a potion of degeneration for 13 gold pieces
  1598 | D:3      | Bought 2 potions of curing for 78 gold pieces
  1680 | D:3      | Found Boon's Armour Shoppe.
  1803 | D:4      | Found an ancient bone altar of Kikubaaqudgha.
  2246 | D:5      | Entered Level 5 of the Dungeon
  2269 | D:5      | Reached skill level 5 in Fire Magic
  2349 | D:5      | Found a radiant altar of Vehumet.
  2400 | D:5      | Noticed Duvessa
  2400 | D:5      | Noticed Dowan
  2440 | D:4      | Reached XP level 6. HP: 33/51 MP: 9/9
  2569 | D:4      | Reached skill level 6 in Fire Magic
  2731 | D:5      | Killed Dowan
  2732 | D:5      | Reached skill level 7 in Fire Magic
  2732 | D:5      | Reached XP level 7. HP: 12/57 MP: 5/10
  2737 | D:5      | Slain by Duvessa

Illustrated notes

Levels and vault maps discovered:
D:1:      nzn_arrival_settlement, layout_basic, hex_large, minivault_25,
          minmay_misc_feat_roman, hangedman_abyss_or_decor_stabs
D:2:      layout_loops_ring, chequers_ecumenical_altar_simple,
          uniq_crazy_yiuf_cottage
D:3:      layout_rooms, serial_shops, nicolae_diamond_shop,
          nicolae_shop_temple_entry_statues_fountains, nicolae_shop_statue_plus,
          nicolae_shop_trees, nicolae_shop_crystal
D:4:      layout_cave_pools, mainiacjoe_overflow_small_starburst,
          chequers_garden
D:5:      layout_loops_cross, mainiacjoe_overflow_tiny_flanked, serial_shops,
          shop, kennysheep_generic_room_14, uniq_duvessa

Skill      XL: |  1  2  3  4  5  6 |
---------------+-------------------+-----
Axes           | 4 5 |  5.8
Fire Magic     | 4 5 7 |  7.1
Fighting       | |  3.2
Spellcasting   | |  1.3

Action                   |  1- 3 |  4- 6 |  7- 9 || total
-------------------------+-------+-------+-------++-------
Melee: Hand axe          |    80 |    86 |     5 ||   171
       Punch             |     1 |       |       ||     1
 Cast: Scorch            |       |    50 |       ||    50
Invok: Fiery Armour      |       |       |     1 ||     1
Armor: Ring mail         |    49 |    50 |     1 ||   100
       Robe              |     1 |       |       ||     1
Dodge: Dodged            |    39 |    54 |     4 ||    97
